 Dungeon Crawl Stone Soup version 0.18.1-6-gd335043 (webtiles) character file.

2140 4thArraOfDagon the Cleaver (level 9, -1/81 HPs)
             Began as a Hill Orc Berserker on May 15, 2016.
             Was a Believer of Trog.
             Succumbed to a killer bee's poison
             ... on level 10 of the Dungeon.
             The game lasted 00:09:28 (1436 turns).

4thArraOfDagon the Cleaver (Hill Orc Berserker)     Turns: 1436, Time: 00:09:28

Health: -1/81      AC: 11    Str: 23    XL:     9   Next: 30%
Magic:  9/9        EV:  8    Int: 12    God:    Trog [**....]
Gold:   163        SH:  0    Dex: 10    Spells: 0 memorised, 8 levels left

rFire  . . .     SeeInvis .     z - +0 battleaxe
rCold  . . .     Gourm    .     p - +0 chain mail
rNeg   . . .     Faith    .     (shield currently unavailable)
rPois  .         Spirit   .     j - +0 helmet (curse)
rElec  .         Dismiss  .     (no cloak)
rCorr  .         Reflect  .     (no gloves)
SustAt .         Harm     .     (no boots)
MR     .....                    (no amulet)
Stlth  ..........               (no ring)
                                i - ring of wizardry

@: brilliant, lethally poisoned (-1 -> -37), exhausted, slowed, very slow, not
resistant to hostile enchantments, extremely unstealthy
A: no striking features
a: Berserk, Trog's Hand, Burn Spellbooks, Renounce Religion


You were on level 10 of the Dungeon.
You worshipped Trog.
Trog was pleased with you.
You were not hungry.

You visited 1 branch of the dungeon, and saw 10 of its levels.

You collected 268 gold pieces.
You spent 105 gold pieces at shops.

Inventory:

Hand Weapons
 a - a +0 hand axe
 e - a cursed -2 blowgun
 z - a +0 battleaxe (weapon)
Missiles
 f - 13 poisoned needles
Armour
 b - a +0 animal skin
 d - a +0 ring mail
 j - a cursed +0 helmet (worn)
 p - a +0 chain mail (worn)
Jewellery
 i - a ring of wizardry (left hand)
Wands
 r - a wand of random effects (28/48)
Scrolls
 h - 4 scrolls of remove curse {unknown}
 k - a scroll of blinking {unknown}
 m - a scroll of fear {unknown}
 o - 2 scrolls of teleportation {unknown}
 q - 2 scrolls of amnesia {unknown}
 s - a scroll of enchant weapon {unknown}
 u - a scroll of magic mapping
 v - a scroll of identify
 x - a scroll of recharging {unknown}
Potions
 g - a potion of might
 l - a potion of haste
 t - 2 potions of degeneration
Books
 y - a book of Summonings

   Spells                             Type                      Level
   a - Recall                         Summoning/Translocation      3
   b - Aura of Abjuration             Summoning                    5
   c - Summon Demon                   Summoning                    5
   d - Summon Forest                  Summoning/Translocation      5
   e - Summon Mana Viper              Hexes/Summoning              5
   f - Shadow Creatures               Summoning                    6
   Trog disapproves of the use of such an item.
Comestibles
 c - 3 bread rations
 n - a meat ration


   Skills:
 + Level 7.9 Fighting
 * Level 11.5 Axes
 + Level 7.0 Armour
 - Level 1.5 Dodging


You had 8 spell levels left.
You didn't know any spells.

Dungeon Overview and Level Annotations

Branches:
Dungeon (10/15)              Lair (0/8) D:9
 Temple: D:4-7          Orc: D:9-12

Altars:
Makhleb
Pakellas

Shops:
D:6 ?   D:9 =

Annotations:
D:8 Erica; Gekot's ghost, novice GrFi
D:9 exclusion: upstairs


Message History

You slash the killer bee!
The killer bee is almost dead.
You barely miss the killer bee.
The killer bee is almost dead.
You are no longer berserk.
You are exhausted.
You feel yourself slow down.
* * * LOW HITPOINT WARNING * * *
You feel very sick. The killer bee stings you.
* * * LOW HITPOINT WARNING * * *
You are more poisoned.
The killer bee poisons you! The killer bee barely misses you.
The killer bee stings you but does no damage.
Unknown command.
Unknown command.
Drink which item? (? for menu, Esc to quit)
It was a potion of brilliance.
You feel clever all of a sudden.
You die... y

#.#)y..###......
#.#<............
#.#....###.##### .
#.#..#.###..W... #.#
#y#<.#.#####.### ##y.
#h#..#.#?#.8.# #...S
#.#..#.#!#.+.#
......###.##)#.#[#.8##
.....yy@y......#(#§##
#####.###.##.#.#[#§##
###.###.##W#.#.#.##
...........#.#§#.##
....W...o..#.#§#.##
.......y...#.#§#.##
...........#.#§#.##
(..........#.#.#.##
...........#


You could see 4 killer bees and an adder.

Vanquished Creatures
  A troll (D:9)
  A two-headed ogre (D:10)
  A hippogriff (D:9)
  A steam dragon (D:10)
  2 orc warriors
  2 ogres
  A centaur (D:9)
  2 giant frogs
  12 killer bees
  2 howler monkeys
  A giant frog zombie (D:9)
  A hound (D:4)
  An orc priest (D:10)
  2 orc wizards
  2 iguanas
  A hound zombie (D:9)
  A worker ant zombie (D:4)
  4 adders
  An ooze (D:4)
  A dart slug (D:1)
  2 giant geckos
  18 orcs
  3 bats
  A giant cockroach (D:5)
  7 jackals
  2 quokkas
  A giant newt (D:3)
  5 kobolds
  2 rats
  A fungus (D:9)
82 creatures vanquished.

Vanquished Creatures (others)
  A giant newt (D:2)
1 creature vanquished.

Grand Total: 83 creatures vanquished

Notes
Turn   | Place    | Note
--------------------------------------------------------------
     0 | D:1      | 4thArraOfDagon the Hill Orc Berserker began the quest for the Orb.
     0 | D:1      | Reached XP level 1. HP: 19/19 MP: 1/1
    67 | D:2      | Reached XP level 2. HP: 20/27 MP: 2/2
   100 | D:2      | Found a faded altar to an unknown god.
   177 | D:3      | Noticed an ogre
   183 | D:3      | Killed an ogre
   183 | D:3      | Reached skill level 5 in Axes
   183 | D:3      | Reached XP level 3. HP: 15/34 MP: 3/3
   183 | D:3      | Reached XP level 4. HP: 18/41 MP: 4/4
   330 | D:4      | Noticed an ogre
   350 | D:4      | Killed an ogre
   350 | D:4      | Reached ** piety under Trog
   350 | D:4      | Reached skill level 6 in Axes
   350 | D:4      | Reached XP level 5. HP: 15/47 MP: 5/5
   354 | D:4      | Reached XP level 6. HP: 18/55 MP: 6/6
   421 | D:4      | Reached skill level 5 in Fighting
   567 | D:5      | Entered Level 5 of the Dungeon
   570 | D:5      | Reached skill level 7 in Axes
   605 | D:6      | Found Cupp's Magic Scroll Shoppe.
   631 | D:6      | Bought a scroll of magic mapping for 49 gold pieces
   715 | D:6      | Bought a scroll of identify for 28 gold pieces
   715 | D:6      | Bought a scroll of identify for 28 gold pieces
   756 | D:7      | You fall through a shaft for 2 floors!
   768 | D:9      | Reached XP level 7. HP: 43/61 MP: 7/7
   777 | D:9      | Reached skill level 8 in Axes
   780 | D:9      | Reached skill level 5 in Armour
   853 | D:9      | Found a staircase to the Lair.
   904 | D:8      | Noticed Erica
   918 | D:9      | Noticed a hippogriff
   924 | D:9      | Killed a hippogriff
   934 | D:8      | Noticed Gekot's ghost (novice GrFi)
   956 | D:8      | Reached skill level 9 in Axes
   956 | D:8      | Reached XP level 8. HP: 39/70 MP: 8/8
   967 | D:8      | Found a burning altar of Makhleb.
  1054 | D:9      | Found an oddly glowing altar of Pakellas.
  1113 | D:9      | Noticed a troll
  1126 | D:9      | Killed a troll
  1171 | D:9      | Found Qugaxzyss's Jewellery Shop.
  1227 | D:10     | Entered Level 10 of the Dungeon
  1265 | D:10     | Reached skill level 10 in Axes
  1390 | D:10     | Noticed a queen bee
  1410 | D:10     | Noticed a two-headed ogre
  1419 | D:10     | Reached XP level 9. HP: 79/79 MP: 9/9
  1424 | D:10     | Killed a two-headed ogre
  1424 | D:10     | Reached skill level 11 in Axes
  1435 | D:10     | HP: 4/81 [killer bee (1)]
  1436 | D:10     | Succumbed to a killer bee's poison

Skill      XL: |  1  2  3  4  5  6  7  8  9 |
---------------+----------------------------+-----
Fighting       | 4 5 6 7 |  7.9
Axes           | 5 6 7 9 10 11 | 11.5
Armour         | 3 4 5 6 7 |  7.0
Dodging        | |  1.5

Action                   |  1- 3 |  4- 6 |  7- 9 || total
-------------------------+-------+-------+-------++-------
Melee: Hand axe          |    18 |   105 |   125 ||   248
       Battleaxe         |       |       |    27 ||    27
Invok: Berserk           |     2 |     2 |     5 ||     9
       Trog's Hand       |       |     1 |     7 ||     8
  Use: Scroll            |       |     1 |     2 ||     3
       Potion            |       |     1 |     1 ||     2
  Eat: Chunk             |       |     3 |     5 ||     8
       Meat ration       |       |       |     1 ||     1
       Pizza             |       |       |     1 ||     1
       Beef jerky        |       |       |     1 ||     1
Armor: Ring mail         |     7 |    23 |       ||    30
       Chain mail        |       |    14 |   116 ||   130
Dodge: Dodged            |    17 |    83 |   115 ||   215
